 Dungeon Crawl Stone Soup version 0.27.0-1-g7a089689b8 (webtiles) character file.

Game seed: 1427113163701357341

380 makewrite the Chopper (level 6, -3/56 HPs)
             Began as a Hill Orc Fighter on Aug 15, 2021.
             Was a Follower of Beogh.
             Slain by a gnoll (8 damage)
             ... on level 3 of the Dungeon.
             The game lasted 00:07:55 (4575 turns).

makewrite the Chopper (Hill Orc Fighter)            Turns: 4575, Time: 00:07:56

Health: -3/56      AC:  8    Str: 21    XL:     6   Next: 75%
Magic:  6/6        EV:  7    Int:  8    God:    Beogh [*.....]
Gold:   173        SH:  9    Dex: 10    Spells: 5/5 levels left

rFire    . . .     SeeInvis .   a - +0 war axe
rCold    . . .     Faith    +   c - +0 kite shield
rNeg     . . .     Spirit   .   o - +0 scale mail
rPois    .         Reflect  .   (no helmet)
rElec    .         Harm     .   (no cloak)
rCorr    .         Rampage  .   l - +0 pair of gloves
Will     +....                  (no boots)
Stlth    ..........             g - amulet of faith
HPRegen  0.18/turn              n - ring of willpower
MPRegen  0.10/turn              (no ring)

@: no status effects
A: no striking features
a: Renounce Religion


You were on level 3 of the Dungeon.
You worshipped Beogh.
Beogh was aware of your devotion.
You visited 1 branch of the dungeon, and saw 4 of its levels.

You collected 211 gold pieces.
You spent 38 gold pieces at shops.

Inventory:

Hand Weapons
 a - a +0 war axe (weapon)
 b - a +0 trident
Missiles
 q - a throwing net (quivered)
Armour
 c - a +0 kite shield (worn)
 l - a +0 pair of gloves (worn)
 o - a +0 scale mail (worn)
Jewellery
 g - an amulet of faith (around neck)
 n - a ring of willpower (left hand)
Scrolls
 f - a scroll of fear {unknown}
 i - a scroll of acquirement {unknown}
 j - a scroll of silence {unknown}
 m - a scroll of summoning {unknown}
Potions
 d - a potion of might
 e - a potion of heal wounds {unknown}
 h - a potion of curing
 k - a potion of lignification


   Skills:
 + Level 5.0 Fighting
 * Level 6.2 Axes
 + Level 4.5 Armour
 + Level 4.6 Shields


You had 5 spell levels left.
You didn't know any spells.
Your spell library contained the following spells:

 Spells                   Type           Power      Damage    Failure   Level
 Animate Skeleton         Necr           0%         N/A       99%         1
 Apportation              Tloc           0%         N/A       99%         1
 Corona                   Hex            0%         N/A       99%         1
 Sting                    Tmut/Pois      0%         1d3       99%         1
 Summon Small Mammal      Summ           0%         N/A       99%         1
 Ignite Poison            Fire/Tmut/Pois 0%         N/A       100%        3
 Mephitic Cloud           Conj/Pois/Air  0%         N/A       100%        3
 Bolt of Magma            Conj/Fire/Erth 0%         4d4       100%        5


Dungeon Overview and Level Annotations

Branches:
Dungeon (4/15)
 Temple: D:4-7

Altars:
Makhleb
Xom

Shops:
D:2 (


Message History

You block the gnoll's attack.
Unknown command.
You closely miss the gnoll. You slash the gnoll!
You kill the gnoll!
Beogh accepts your kill.
The gnoll hits you from afar with a +0 spear.
Unknown command.
You block the gnoll's attack.
You closely miss the gnoll. You block the gnoll's attack. x3
The gnoll hits you with a +0 flail!
You slash the gnoll!
The gnoll is severely wounded.
You block the gnoll's attack. The gnoll barely misses you.
You closely miss the gnoll.
The gnoll is severely wounded.
The gnoll hits you but does no damage. You block the gnoll's attack.
You hit the gnoll.
The gnoll is severely wounded.
The gnoll hits you with a +0 flail!
* * * LOW HITPOINT WARNING * * *
The gnoll hits you but does no damage. The gnoll hits you with a +0 flail.
* * * LOW HITPOINT WARNING * * *
The gnoll hits you from afar with a +0 spear.
* * * LOW HITPOINT WARNING * * *
A kobold comes into view.
It is wielding a +0 war axe and quivering poisoned darts.
The kobold shouts!
There is a stone staircase leading up here.
The gnoll hits you with a +0 flail.
* * * LOW HITPOINT WARNING * * *
You climb upwards.
There is a stone staircase leading down here.
You closely miss the gnoll.
The gnoll is severely wounded.
The gnoll hits you with a +0 flail.
* * * LOW HITPOINT WARNING * * *
The gnoll closely misses you.
You barely miss the gnoll.
The gnoll is severely wounded.
The gnoll hits you with a +0 flail!
You die...

#.######.....###.....#.÷.†
#.##......................
#.#...#######.............
#.....# #.........#....
#...### #.........##.#.
#..## #.........##.#. #..#
###.......[....#o
#..#######................
#.......g@.#...........#..
############...........##.
#...........###
#...........#
#...........#
##..........# ##.........#
##........# ##########


You could see a gnoll.

Vanquished Creatures
  The ghost of PentaManta the Insei, an amateur MfTm (D:3)
  A bullfrog (D:3)
  An iguana (D:4)
  2 gnolls (D:4)
  8 adders
  4 worms
  2 dart slugs
  5 orcs
  7 endoplasms
  3 giant cockroaches
  3 goblins
  12 hobgoblins
  16 jackals
  3 quokkas
  4 ball pythons
  10 bats
  6 frilled lizards
  A jackal skeleton (D:4)
  5 kobolds
  5 rats
99 creatures vanquished.

Vanquished Creatures (others)
  An orc wizard (D:3)
  2 adders (D:3)
  4 fungi (D:1)
  A plant (D:1)
8 creatures vanquished.

Grand Total: 107 creatures vanquished

Notes
Turn   | Place    | Note
-------+----------+-------------------------------------------
     0 | D:1      | makewrite the Hill Orc Fighter began the quest for the Orb.
     0 | D:1      | Reached XP level 1. HP: 19/19 MP: 1/1
   235 | D:1      | Reached skill level 3 in Axes
   235 | D:1      | Reached XP level 2. HP: 23/27 MP: 2/2
   580 | D:1      | Reached XP level 3. HP: 29/33 MP: 3/3
   896 | D:1      | Found a faded altar of an unknown god.
   920 | D:1      | Got Plato's Reference Book on Venom and Moulding
  1202 | D:2      | Reached skill level 4 in Axes
  1209 | D:2      | Reached XP level 4. HP: 35/40 MP: 4/4
  2664 | D:2      | Found Pyutho's Weapon Shoppe.
  2671 | D:2      | Bought a +0 trident for 38 gold pieces
  3163 | D:3      | Became a worshipper of Beogh the Brigand
  3174 | D:3      | Reached XP level 5. HP: 41/47 MP: 5/5
  3214 | D:3      | Noticed PentaManta's ghost (amateur MfTm)
  3275 | D:3      | Found a transporter.
  3395 | D:3      | Found a transporter.
  3469 | D:3      | Reached skill level 5 in Axes
  3614 | D:3      | Reached * piety under Beogh
  3904 | D:3      | Found a shimmering altar of Xom.
  4129 | D:3      | Reached XP level 6. HP: 43/55 MP: 6/6
  4233 | D:3      | Killed PentaManta's ghost
  4349 | D:4      | Reached skill level 5 in Fighting
  4349 | D:4      | Reached skill level 6 in Axes
  4355 | D:4      | Found a burning altar of Makhleb.
  4575 | D:3      | Slain by a gnoll

Illustrated notes

Levels and vault maps discovered:
D:1:      minmay_arrival_four_circles, layout_basic,
          shapermc_ecumenical_altar_rom_forum
D:2:      minmay_recursive_quarters, layout_basic, serial_shops, shop
D:3:      layout_rooms, tgw_xom, gammafunk_ghost_arena
D:4:      layout_loops_ring, mainiacjoe_overflow_tiny_flanked

Skill      XL: |  1  2  3  4  5  6 |
---------------+-------------------+-----
Axes           | 3 4 5 6 |  6.2
Fighting       | 4 5 |  5.0
Shields        | 4 |  4.6
Armour         | 4 |  4.5

Action                   |  1- 3 |  4- 6 || total
-------------------------+-------+-------++-------
Melee: War axe           |   108 |   247 ||   355
Invok: Convert to Beogh  |       |     1 ||     1
  Use: Scroll            |       |     4 ||     4
       Potion            |       |     1 ||     1
Armor: Scale mail        |    53 |   132 ||   185
Dodge: Dodged            |    56 |    96 ||   152
Block: Kite shield       |    71 |   156 ||   227
